 Dungeon Crawl Stone Soup version 0.28-a0-1199-gef9e1dbd39 (webtiles) character file.

Game seed: 3283215830668378383

197 ChaosChampion the Ruffian (level 5, 0/45 HPs)
             Began as a Draconian Transmuter on Dec 19, 2021.
             Slain by an orc wizard (6 damage)
             ... on level 3 of the Dungeon.
             The game lasted 00:02:53 (3593 turns).

ChaosChampion the Ruffian (Draconian Transmuter)    Turns: 3593, Time: 00:02:53

Health: 0/45       AC:  5    Str: 13    XL:     5   Next: 46%
Magic:  7/8        EV: 12    Int: 15    God:
Gold:   95         SH:  0    Dex: 11    Spells: 5/8 levels left

rFire   . . .      SeeInvis .     - Unarmed
rCold   . . .      Faith    .   (no shield)
rNeg    . . .      Spirit   .   (armour unavailable)
rPois   .          Reflect  .   (helmet currently unavailable)
rElec   .          Harm     .   (no cloak)
rCorr   .          Rampage  .   (no gloves)
Will    .....                   (boots currently unavailable)
Stlth   +.........              (no amulet)
HPRegen 0.15/turn               (no ring)
MPRegen 0.11/turn               (no ring)

@: appendages
A: horns 2, talons 2, AC +5, unfitting armour, cold-blooded
a: End Transformation


You were on level 3 of the Dungeon.
You had temporarily grown beastly horns and talons.
You visited 1 branch of the dungeon, and saw 3 of its levels.

You collected 95 gold pieces.

Inventory:

Missiles
 d - 2 throwing nets
Scrolls
 b - a scroll of enchant armour {unknown}
 e - 2 scrolls of identify {unknown}
 g - a scroll of teleportation {unknown}
 i - a scroll of immolation {unknown}
 j - a scroll of noise {unknown}
 k - a scroll of amnesia {unknown}
Potions
 a - 3 potions of flight {unknown}
 c - a potion of heal wounds {unknown}
 f - a potion of mutation {unknown}
 h - a potion of invisibility {unknown}


   Skills:
 + Level 3.0 Fighting
 + Level 3.0 Dodging
 * Level 4.8 Unarmed Combat
 - Level 2.0 Spellcasting
 - Level 2.0 Transmutations


You had 5 spell levels left.
You knew the following spells:

 Your Spells              Type           Power      Damage    Failure   Level
a - Beastly Appendage     Tmut           14%        N/A       10%         1
b - Wereblood             Tmut           7%         N/A       14%         2

Your spell library contained the following spells:

 Spells                   Type           Power      Damage    Failure   Level
 Freeze                   Ice            4%         1d3       22%         1
 Pain                     Necr           4%         1d4       22%         1
 Spider Form              Tmut/Pois      4%         N/A       41%         3
 Frozen Ramparts          Ice            2%         1d2       54%         3
 Ozocubu's Armour         Ice            1%         N/A       54%         3
 Ice Form                 Ice/Tmut       4%         N/A       82%         4
 Hailstorm                Conj/Ice       1%         3d3       91%         4
 Agony                    Necr           1%         N/A       99%         5
 Excruciating Wounds      Necr           0%         N/A       99%         5
 Metabolic Englaciation   Hex/Ice        0%         N/A       99%         5
 Simulacrum               Ice/Necr       0%         N/A       100%        6


Dungeon Overview and Level Annotations

Branches:
Dungeon (3/15)

Altars:
Hepliaklqana


Innate Abilities, Weirdness & Mutations

You have temporarily grown beastly horns and talons.
Your plain brown scales are hard. (AC +5)
You cannot fit into any form of body armour.
You are cold-blooded and may be slowed by cold attacks.


Message History

You closely miss the orc wizard. Your kick misses the orc wizard.
The orc wizard is heavily wounded.
The orc wizard hits you with a +0 trident.
You are too injured to fight recklessly!
You are too injured to fight recklessly!
You are too injured to fight recklessly!
You are too injured to fight recklessly!
You are too injured to fight recklessly!
You are too injured to fight recklessly!
You are too injured to fight recklessly!
You are too injured to fight recklessly!
You are too injured to fight recklessly!
You are too injured to fight recklessly!
You are too injured to fight recklessly!
You are too injured to fight recklessly!
You are too injured to fight recklessly!
You are too injured to fight recklessly!
An orc wizard is nearby!
An orc wizard is nearby!
An orc wizard is nearby!
You are too injured to fight recklessly!
The orc wizard hits you from afar with a +0 trident.
Your horns disappear.
Your talons disappear.
The orc wizard casts a spell at you.
You are confused.
You bump into the rock wall.
There is an open door here.
You bump into the rock wall.
The orc wizard hits you from afar with a +0 trident.
You bump into the rock wall.
You feel less confused.
The orc wizard hits you from afar with a +0 trident.
* * * LOW HITPOINT WARNING * * *
Casting: Beastly Appendage (safe; 10% risk of failure)
Confirm with . or Enter, or press ? or * to list all spells.
You grow a pair of large bovine horns.
Your feet morph into talons.
The orc wizard hits you from afar with a +0 trident.
* * * LOW HITPOINT WARNING * * *
The orc wizard hits you with a +0 trident.
You die...

#..##.#.# #..#####.##
#..##.#.###..........
#..##.....#'.#######'
##.####.#....# #
#......#....#
#####.#####
#.####.#....#
#...o.'...#
#......#.#+.#
#.###.###.#
#.##[#.#.#..# #o# #
#....).#.#+.###@###.###
#.##...#....'..........
#...<..#....###'###(###
#.....<#....# #.#
#....#.#....# #.#
#......####.# #..
#.####.# #.# ###
#......# #.# #.###..#
#.#


You could see an orc wizard.

Vanquished Creatures
  Natasha (D:2)
  Robin (D:2)
  4 adders (D:3)
  4 gnolls (D:3)
  2 worms (D:2)
  3 dart slugs
  4 orcs
  2 ball pythons
  5 bats
  3 endoplasms
  A giant cockroach (D:2)
  14 goblins
  11 hobgoblins
  2 kobolds (D:1)
  4 quokkas
  4 frilled lizards
  2 rats
67 creatures vanquished.

Notes
Turn   | Place    | Note
-------+----------+-------------------------------------------
     0 | D:1      | ChaosChampion the Draconian Transmuter began the quest for
                  | the Orb.
     0 | D:1      | Reached XP level 1. HP: 16/16 MP: 3/3
   244 | D:1      | Reached XP level 2. HP: 23/23 MP: 5/5
   501 | D:1      | Found a faded altar of an unknown god.
   590 | D:1      | Learned a level 2 spell: Wereblood
   849 | D:2      | Noticed Robin
   874 | D:2      | Reached XP level 3. HP: 29/29 MP: 2/6
   946 | D:2      | Killed Robin
  1242 | D:2      | Reached skill level 4 in Unarmed Combat
  1358 | D:2      | Reached XP level 4. HP: 34/36 MP: 3/7
  1605 | D:2      | Noticed Natasha
  1618 | D:2      | Killed Natasha
  2661 | D:3      | Reached XP level 5. HP: 22/42 MP: 5/8
  3449 | D:3      | Found a hazy altar of Hepliaklqana.
  3593 | D:3      | Slain by an orc wizard

Illustrated notes

Levels and vault maps discovered:
D:1:      dpeg_arrival_simpleton_c, layout_basic,
          shapermc_ecumenical_altar_mp_highgroup, minmay_tetromino_o4
D:2:      layout_basic, minivault_19, kennysheep_generic_room_15, uniq_robin,
          uniq_natasha
D:3:      kb_forest_paths, layout_basic, mainiacjoe_overflow_catwalk,
          minmay_door_square

Skill      XL: |  1  2  3  4  5 |
---------------+----------------+-----
Dodging        | 2 3 |  3.0
Fighting       | 2 3 |  3.0
Unarmed Combat | 4 |  4.8
Spellcasting   | |  2.0
Transmutations | |  2.0

Action                   |  1- 3 |  4- 6 || total
-------------------------+-------+-------++-------
Melee: Unarmed           |   118 |   101 ||   219
       Headbutt          |    13 |    14 ||    27
       Tailslap          |    10 |     1 ||    11
       Kick              |    16 |    18 ||    34
       Punch             |       |     1 ||     1
 Cast: Beastly Appendage |    19 |    19 ||    38
       Wereblood         |     8 |     6 ||    14
 Stab: Sleeping          |     1 |       ||     1
Armor: Skin              |    33 |    28 ||    61
Dodge: Dodged            |    62 |    58 ||   120

Table legend: (Time is in decaauts)
 A = Elapsed time spent in this place.
 B = Non-inter-level travel time spent in this place.
 C = Inter-level travel time spent in this place.
 D = Time resting spent in this place.
 E = Time spent auto-exploring this place.
 F = Levels seen in this place.
 G = Mean time per level.
                   A        B        C        D        E       F      G
               +--------+--------+--------+--------+--------+-----+--------+
         Total |   3582 |   3540 |     42 |    613 |   2307 |   3 | 1194.0 |
       Dungeon |   3582 |   3540 |     42 |    613 |   2307 |   3 | 1194.0 |
               +--------+--------+--------+--------+--------+-----+--------+

Top non-repeatable levels by time:
     D:2: 1857 daAuts
     D:3: 899 daAuts
     D:1: 825 daAuts
